 Dungeon Crawl Stone Soup version 0.21.1-1-g345015f (webtiles) character file.

10874 infcreate the Cleaver (level 11, 0/97 HPs)
             Began as a Minotaur Fighter on June 3, 2018.
             Was a Believer of Trog.
             Slain by a troll (10 damage)
             ... on level 10 of the Dungeon.
             The game lasted 00:41:38 (8260 turns).

infcreate the Cleaver (Minotaur Fighter)            Turns: 8260, Time: 00:41:38

Health: 0/97       AC: 18    Str: 24    XL:     11   Next: 41%
Magic:  10/10      EV:  4    Int:  5    God:    Trog [**....]
Gold:   552        SH: 18    Dex: 10    Spells: 10/10 levels left

rFire    . . .     SeeInvis .   a - +0 war axe
rCold    + . .     Gourm    .   j - +0 large shield
rNeg     . . .     Faith    .   d - +0 plate armour
rPois    .         Spirit   .   (helmet restricted)
rElec    .         Reflect  .   n - +0 cloak
rCorr    .         Harm     .   E - +0 pair of gloves
MR       .....                  y - +0 pair of boots
Stlth    ..........             l - amulet of rage
HPRegen  0.26/turn              k - ring of protection from cold
MPRegen  0.12/turn              (no ring)

@: berserk cooldown, slowed, very slow
A: retaliatory headbutt, horns 2
a: Berserk, Trog's Hand, Burn Spellbooks, Renounce Religion, Evoke Berserk Rage


You were on level 10 of the Dungeon.
You worshipped Trog.
Trog was pleased with you.
You were not hungry.

You visited 2 branches of the dungeon, and saw 11 of its levels.

You collected 552 gold pieces.

Inventory:

Hand Weapons
 a - a +0 war axe (weapon)
Armour
 d - a +0 plate armour (worn)
 j - a +0 large shield (worn)
 n - a +0 cloak (worn)
 y - a +0 pair of boots (worn)
 E - a +0 pair of gloves (worn)
Jewellery
 k - a ring of protection from cold (left hand)
 l - an amulet of rage (around neck)
 F - an uncursed ring of protection from fire {unknown}
Wands
 x - a wand of digging (11)
Scrolls
 b - 3 scrolls of random uselessness {unknown}
 c - a scroll of fog {unknown}
 g - 2 scrolls of amnesia {unknown}
 h - 9 scrolls of identify
 m - 2 scrolls of blinking {unknown}
 o - 4 scrolls of teleportation {unknown}
 r - 5 scrolls of remove curse
 u - a scroll of fear {unknown}
 A - 3 scrolls of magic mapping {unknown}
 B - a scroll of enchant armour {unknown}
 C - 4 scrolls of enchant weapon {unknown}
Potions
 e - 2 potions of flight {unknown}
 i - 2 potions of lignification {unknown}
 p - 2 potions of degeneration {unknown}
 q - a potion of agility {unknown}
 s - 2 potions of curing
 t - 3 potions of brilliance {unknown}
 v - 2 potions of heal wounds
 w - 2 potions of ambrosia {unknown}
 z - 2 potions of cancellation {unknown}
 D - a potion of haste
 G - a potion of invisibility {unknown}
Comestibles
 f - 9 rations


   Skills:
 + Level 9.4 Fighting
 + Level 13.6 Axes
 + Level 9.5 Armour
 + Level 11.6 Shields


You had 10 spell levels left.
You didn't know any spells.

Dungeon Overview and Level Annotations

Branches:
Dungeon (10/15)            Temple (1/1) D:7            Lair (0/6) D:10
    Orc (0/2) D:9

Altars:
Elyvilon
Gozag
Kikubaaqudgha
Makhleb
Sif Muna
Trog
Vehumet
Xom
Zin
The Shining One

Shops:
D:4 *   D:8 *   D:9 *   D:10 %:}


Innate Abilities, Weirdness & Mutations

You reflexively headbutt those who attack you in melee.
You have a pair of horns on your head.


Message History

You block the troll's attack.
You slash the troll! Your headbutt misses the troll.
The troll is heavily wounded.
You block the troll's attack. x2; The troll claws you.
The troll bites you!
* * * LOW HITPOINT WARNING * * *
You block the troll's attack. The troll claws you but does no damage.
You hit the troll. Your headbutt misses the troll.
The troll is heavily wounded.
You block the troll's attack. The troll claws you but does no damage.
You block the troll's attack.
You slash the troll! Your headbutt misses the troll.
The troll is almost dead.
The troll bites you!
* * * LOW HITPOINT WARNING * * *
You block the troll's attack. The troll claws you.
* * * LOW HITPOINT WARNING * * *
You hit the troll. Your headbutt misses the troll.
The troll is almost dead.
You block the troll's attack. The troll claws you!
You die...

#∩.....#........
#........###..#
#....##..## ..#
#######...#...##
##........
######.........
####.............#
#....####..###.#..
#@#### ...# ....
#T# ....# ... #.#
.....# .. #.#
#.....# ..
#......##......
#....[..#.....#
#..........
#.............
#..........###


You could see a troll.

Vanquished Creatures
  2 two-headed ogres
  A centaur warrior (D:9)
  Joseph (D:8)
  Maurice (D:8)
  Psyche (D:9)
  The ghost of appiemonkey the Bolt Thrower, a novice GnWn (D:6)
  A tengu conjurer (D:10)
  The ghost of infcreate the Chopper, an amateur MiFi of Trog (D:3)
  The ghost of Jaiteiro the Chopper, an amateur MiFi (D:5)
  2 trolls
  Prince Ribbit (D:7)
  A hippogriff (D:9)
  A wyvern (D:10)
  A wraith (D:10)
  6 yaks (D:10)
  The ghost of Darkyelf the Skirmisher, an amateur CeAK of Lugonu (D:4)
  A hungry ghost (D:9)
  Eustachio (D:6)
  A water moccasin (D:7)
  Duvessa (D:7)
  5 orc warriors
  3 sky beasts
  3 ice beasts
  5 ogres
  2 phantoms
  5 centaurs
  A big kobold (D:7)
  4 bullfrogs
  Dowan (D:7)
  3 water moccasin skeletons
  2 scorpions
  3 killer bees (D:9)
  3 howler monkeys
  2 electric eels (D:9)
  5 crimson imps
  A jelly (D:5)
  3 hounds
  4 orc priests
  2 centaur zombies
  A bullfrog skeleton (D:6)
  8 iguanas
  14 orc wizards
  6 worker ants
  7 adders
  2 shadow imps
  An adder zombie (D:8)
  An ooze (D:5)
  An adder skeleton (D:9)
  7 worms
  4 dart slugs
  9 leopard geckos
  40 orcs
  2 ball pythons
  8 giant cockroaches
  13 goblins
  9 hobgoblins
  18 jackals
  5 kobolds
  A quokka (D:6)
  10 bats
  4 frilled lizards
  A leopard gecko zombie (D:8)
  8 rats
264 creatures vanquished.

Vanquished Creatures (others)
  An orc (D:9)
1 creature vanquished.

Grand Total: 265 creatures vanquished

Notes
Turn   | Place    | Note
-------+----------+-------------------------------------------
     0 | D:1      | infcreate the Minotaur Fighter began the quest for the Orb.
     0 | D:1      | Reached XP level 1. HP: 19/19 MP: 0/0
    77 | D:1      | Reached XP level 2. HP: 22/27 MP: 1/1
   436 | D:1      | Reached XP level 3. HP: 33/33 MP: 2/2
   888 | D:2      | Reached skill level 3 in Axes
  1038 | D:2      | Reached XP level 4. HP: 35/41 MP: 3/3
  1101 | D:2      | Found an opulent altar of Gozag.
  1182 | D:2      | Reached skill level 4 in Axes
  1338 | D:3      | Noticed infcreate's ghost (amateur MiFi)
  1703 | D:3      | Reached XP level 5. HP: 43/47 MP: 4/4
  1830 | D:3      | Killed infcreate's ghost
  1830 | D:3      | Reached skill level 5 in Fighting
  1830 | D:3      | Reached skill level 5 in Axes
  1830 | D:3      | Reached skill level 5 in Armour
  1830 | D:3      | Reached XP level 6. HP: 56/56 MP: 5/5
  2002 | D:3      | Reached skill level 5 in Shields
  2272 | D:4      | Reached skill level 6 in Axes
  2354 | D:4      | Reached XP level 7. HP: 42/61 MP: 6/6
  2396 | D:4      | Noticed Darkyelf's ghost (amateur CeAK)
  2408 | D:4      | Killed Darkyelf's ghost
  2408 | D:4      | Reached skill level 7 in Axes
  2648 | D:4      | Found Qijerar's Assorted Antiques.
  2898 | D:5      | Entered Level 5 of the Dungeon
  2906 | D:5      | Noticed Jaiteiro's ghost (amateur MiFi)
  2920 | D:5      | Killed Jaiteiro's ghost
  2920 | D:5      | Reached skill level 8 in Axes
  2920 | D:5      | Reached XP level 8. HP: 45/70 MP: 7/7
  3170 | D:5      | Reached skill level 9 in Axes
  3612 | D:6      | Noticed appiemonkey's ghost (novice GnWn)
  3637 | D:6      | Killed appiemonkey's ghost
  3675 | D:6      | Noticed Eustachio
  3704 | D:6      | Reached skill level 10 in Axes
  3704 | D:6      | Reached XP level 9. HP: 56/78 MP: 8/8
  3712 | D:6      | Killed Eustachio
  4262 | D:7      | You fall through a shaft for 3 floors!
  4262 | D:10     | Entered Level 10 of the Dungeon
  4262 | D:10     | Found Ryhoab's Gadget Shop.
  4269 | D:10     | Found a staircase to the Lair.
  4294 | D:9      | Noticed a centaur warrior
  4301 | D:9      | Noticed a troll
  4305 | D:9      | Killed a centaur warrior
  4305 | D:9      | Reached skill level 11 in Axes
  4312 | D:9      | Killed a troll
  4318 | D:9      | HP: 2/79 [ice beast (2)]
  4690 | D:9      | Reached XP level 10. HP: 84/88 MP: 9/9
  4790 | D:8      | Found Zin's Purification Station.
  4797 | D:8      | Found a glowing silver altar of Zin.
  4929 | D:7      | Found a burning altar of Makhleb.
  4988 | D:7      | Noticed Duvessa
  4988 | D:7      | Noticed Dowan
  4999 | D:7      | Killed Dowan
  4999 | D:7      | Killed Duvessa
  5141 | D:7      | Reached skill level 12 in Axes
  5159 | D:7      | Found a deep blue altar of Sif Muna.
  5353 | D:7      | Noticed Prince Ribbit
  5357 | D:7      | Killed Prince Ribbit
  5407 | D:7      | Found a staircase to the Ecumenical Temple.
  5417 | Temple   | Entered the Ecumenical Temple
  5444 | Temple   | Became a worshipper of Trog the Wrathful
  5907 | D:8      | Noticed a two-headed ogre
  5918 | D:8      | Killed a two-headed ogre
  5918 | D:8      | Reached skill level 10 in Shields
  6093 | D:8      | Reached * piety under Trog
  6127 | D:8      | Noticed Maurice
  6326 | D:8      | Killed Maurice
  6406 | D:8      | Noticed Joseph
  6435 | D:8      | Killed Joseph
  6435 | D:8      | Reached skill level 13 in Axes
  6919 | D:9      | Found a staircase to the Orcish Mines.
  7204 | D:9      | Reached XP level 11. HP: 94/95 MP: 10/10
  7274 | D:9      | Noticed a two-headed ogre
  7285 | D:9      | Killed a two-headed ogre
  7372 | D:9      | Noticed Psyche
  7378 | D:9      | Paralysed by Psyche for 4 turns
  7392 | D:9      | Killed Psyche
  7710 | D:9      | Noticed an angel
  7711 | D:9      | Found Suof's Hallowed Reliquary.
  7713 | D:9      | Found a glowing golden altar of the Shining One.
  7723 | D:9      | Reached ** piety under Trog
  7889 | D:10     | Found Kuifius's Book Shoppe.
  8164 | D:10     | Found Notoesk's Food Shoppe.
  8260 | D:10     | Slain by a troll

Skill      XL: |  1  2  3  4  5  6  7  8  9 10 11 |
---------------+----------------------------------+-----
Fighting       | 4 5 6 7 8 9 |  9.4
Armour         | 4 5 6 8 9 |  9.5
Shields        | 4 5 6 7 9 10 11 | 11.6
Axes           | 3 4 5 6 8 10 11 13 | 13.6

Action                   |  1- 3 |  4- 6 |  7- 9 | 10-12 || total
-------------------------+-------+-------+-------+-------++-------
Melee: War axe           |    97 |   138 |   237 |   453 ||   925
       Headbutt          |    18 |    25 |    42 |    77 ||   162
Invok: Berserk           |       |       |       |     1 ||     1
 Abil: Evoke Berserk Rag |       |     1 |     1 |     1 ||     3
  Use: Scroll            |       |     1 |     1 |     1 ||     3
       Potion            |       |       |     1 |       ||     1
 Stab: Distracted        |       |       |     1 |       ||     1
  Eat: Chunk             |     1 |     5 |     5 |    11 ||    22
       Ration            |       |       |     1 |     2 ||     3
Armor: Scale mail        |    31 |    19 |       |       ||    50
       Chain mail        |       |    31 |    96 |    56 ||   183
       Plate armour      |       |       |       |   112 ||   112
Dodge: Dodged            |    33 |    28 |    32 |    35 ||   128
Block: Shield            |    46 |     1 |       |       ||    47
       Large shield      |       |    90 |   166 |   378 ||   634
